 Dungeon Crawl Stone Soup version 0.29.1-1-gd02db6906a (webtiles) character file.

Game seed: 3840501771361971092

998 mortz the Sneak (level 8, -3/42 HPs)
             Began as a Kobold Earth Elementalist on Oct 8, 2022.
             Was a Believer of Elyvilon.
             Slain by an orc warrior
             ... wielding a +0 battleaxe
              (17 damage)
             ... on level 5 of the Dungeon.
             The game lasted 00:29:24 (6308 turns).

mortz the Sneak (Kobold Earth Elementalist)         Turns: 6308, Time: 00:29:26

Health: -3/42      AC:  5    Str:  6    XL:     8   Next: 43%
Magic:  11/25      EV: 15    Int: 18    God:    Elyvilon [**....]
Gold:   196        SH:  0    Dex: 17    Spells: 11/17 levels left

rFire   . . .      SeeInvis +   e - +0 dagger
rCold   . . .      Faith    .   (no shield)
rNeg    . . .      Spirit   .   y - +0 leather armour
rPois   .          Reflect  .   (no helmet)
rElec   +          Harm     .   (no cloak)
rCorr   .          Rampage  .   p - +1 pair of gloves
Will    .....                   (no boots)
Stlth   ++++......              (no amulet)
HPRegen 0.14/turn               c - ring of Res Nullius {rElec MP+9 Dex+2 SInv}
MPRegen 0.19/turn               v - ring of wizardry

@: very slightly contaminated
A: small, no large weapons, nightstalker 3
a: Renounce Religion, Purification, Heal Other


You were on level 5 of the Dungeon.
You worshipped Elyvilon.
Elyvilon was pleased with you.
You visited 1 branch of the dungeon, and saw 6 of its levels.
You also visited: Sewer.

You collected 316 gold pieces.
You spent 120 gold pieces at shops.

Inventory:

Hand Weapons
 e - a +0 dagger (weapon)
 l - a +0 dagger
 m - a +0 dagger
 u - a +0 rapier
 x - a +0 hand axe
Missiles
 z - 2 silver boomerangs
Armour
 a - a +0 robe
 h - a +0 chain mail of cold resistance
 p - a +1 pair of gloves (worn)
 y - a +0 leather armour (worn)
Magical Staves
 r - a staff of air
Jewellery
 c - the ring of Res Nullius (left hand) {rElec MP+9 Dex+2 SInv}
   (You acquired it on level 1 of the Dungeon)

   [ring of see invisible]

   Dex:       It affects your dexterity (+2).
   rElec:     It insulates you from electricity.
   MP:        It affects your magic capacity (+9).
   SInv:      It lets you see invisible.
 j - a ring of flight
 k - a +4 ring of protection
 v - a ring of wizardry (right hand)
Wands
 A - a wand of flame (52)
 G - a wand of roots (12)
Scrolls
 d - a scroll of immolation
 s - a scroll of enchant armour
 t - a scroll of blinking
 C - 2 scrolls of teleportation
Potions
 b - a potion of magic
 f - a potion of brilliance
 g - 2 potions of lignification
 i - 5 potions of curing
 n - a potion of might
 q - 2 potions of mutation
 D - a potion of cancellation
 E - 2 potions of heal wounds
Miscellaneous
 o - a lightning rod (4/4)


   Skills:
 + Level 0.8 Fighting
 + Level 1.7 Short Blades
 + Level 0.7 Armour
 + Level 3.6 Dodging
 + Level 6.0 Stealth
 + Level 5.4 Spellcasting
 * Level 2.0 Conjurations
 + Level 1.0 Transmutations
 + Level 5.3 Earth Magic
 * Level 2.9 Invocations


You had 11 spell levels left.
You knew the following spells:

 Your Spells              Type           Power      Damage    Failure   Level
a - Sandblast             Erth           48%        2d12      1%          1
p - Passwall              Tmut/Erth      13%        N/A       3%          2
s - Stone Arrow           Conj/Erth      36%        3d9       5%          3

Your spell library contained the following spells:

 Spells                   Type           Power      Damage    Failure   Level
 Petrify                  Tmut/Erth      16%        N/A       21%         4


Dungeon Overview and Level Annotations

Branches:
Dungeon (6/15) Zot: 26663   Sewer (visited)
 Temple: D:4-7

Altars:
Ashenzari
Dithmenos
Elyvilon
Qazlal
Ru
Sif Muna
Trog
Zin

Shops:
D:5 !

Annotations:
D:3 3 runed translucent doors, funnyparkerb's ghost, amateur VSFi


Innate Abilities, Weirdness & Mutations

You are small and have problems with some larger weapons.
You are completely attuned to the shadows.


Message History

The blast of sand misses the orc warrior.
The orc warrior hits you with a +0 battleaxe! x2
The blast of sand hits the orc warrior but does no damage.
The orc warrior hits you with a +0 battleaxe!
You are too injured to fight recklessly!
Casting: Sandblast (safe; 1% risk of failure)
Confirm with . or Enter, or press ? or * to list all spells.
Aiming: Stone Arrow (dangerous; 5% risk of failure)
Press: ? - help, Shift-Dir - straight line, f/p - orc warrior
Aim: an orc warrior, wielding a +0 battleaxe and wearing a +0 plate armour (68% to hit)
The stone arrow hits the orc warrior.
The orc warrior is lightly wounded.
The orc warrior hits you with a +0 battleaxe.
Casting: Stone Arrow (dangerous; 5% risk of failure)
Confirm with . or Enter, or press ? or * to list all spells.
Aiming: Stone Arrow (dangerous; 5% risk of failure)
Press: ? - help, Shift-Dir - straight line, f/p - orc warrior
Aim: an orc warrior, wielding a +0 battleaxe and wearing a +0 plate armour (lightly wounded, 68% to hit)
The stone arrow misses the orc warrior.
The orc warrior hits you with a +0 battleaxe!
Elyvilon protects you from harm!
Press: ? - help, Dir - move target, f/p - orc warrior Heal: an orc warrior, wielding a +0 battleaxe and wearing a +0 plate armour (lightly wounded, chance to pacify: 10%)
Casting: Stone Arrow (dangerous; 5% risk of failure)
Confirm with . or Enter, or press ? or * to list all spells.
Aiming: Stone Arrow (dangerous; 5% risk of failure)
Press: ? - help, Shift-Dir - straight line, f/p - orc warrior
Aim: an orc warrior, wielding a +0 battleaxe and wearing a +0 plate armour (lightly wounded, 68% to hit)
You miscast Stone Arrow.
You are very lightly contaminated with residual magic.
Nothing appears to happen.
The orc warrior barely misses you.
Casting: Stone Arrow (dangerous; 5% risk of failure)
Confirm with . or Enter, or press ? or * to list all spells.
Aiming: Stone Arrow (dangerous; 5% risk of failure)
Press: ? - help, Shift-Dir - straight line, f/p - orc warrior
Aim: an orc warrior, wielding a +0 battleaxe and wearing a +0 plate armour (lightly wounded, 68% to hit)
The stone arrow hits the orc warrior.
The orc warrior is moderately wounded.
The orc warrior hits you with a +0 battleaxe!
You die...

#.................# #########
##...#######....#.###........
#...# ##...#.......#######
#...# ##........##### #...#
#....###.<.## ###...#
#....###....####### #.....#
#.#...............#
#.##..####.#.##.##...#####.#
#.##........o@..##.### #.#
#.##.#####..######.# #.###
#.##...###..## #.## #....
#.##........)# ##..# #####
#.##.#.#รท##..# #...# #
#.##.#.#.##.<# #.#.# #
#...........o# #.#.# #
####.#.......# #.#.# #
#.###.#..># #.#.# #


You could see an orc warrior.

Vanquished Creatures
  An ice beast (D:5)
  2 black bears
  An ogre (D:5)
  A phantom (D:5)
  A bullfrog (Sewer)
  A necrophage (D:5)
  A howler monkey (D:5)
  3 hounds
  2 orc wizards
  9 adders
  A shadow imp (D:5)
  2 white imps (D:5)
  3 worms
  7 dart slugs
  13 orcs
  13 endoplasms
  11 giant cockroaches
  7 goblins
  4 hobgoblins
  7 kobolds
  13 quokkas
  18 ball pythons
  2 bats
  14 frilled lizards
  3 rats
140 creatures vanquished.

Vanquished Creatures (others)
  5 plants (D:3)
5 creatures vanquished.

Grand Total: 145 creatures vanquished

Notes
Turn   | Place    | Note
-------+----------+-------------------------------------------
     0 | D:1      | mortz the Kobold Earth Elementalist began the quest for the
                  | Orb.
     0 | D:1      | Reached XP level 1. HP: 10/10 MP: 3/3
   289 | D:1      | Reached XP level 2. HP: 15/15 MP: 0/5
   440 | D:1      | Found a faded altar of an unknown god.
   512 | D:1      | Reached skill level 3 in Stealth
   890 | D:1      | Reached XP level 3. HP: 19/19 MP: 6/6
   988 | D:1      | Identified a scroll of acquirement
   988 | D:1      | Acquired the ring of Res Nullius {rElec MP+9 Dex+2 SInv}
  1981 | D:2      | Reached skill level 4 in Stealth
  2229 | D:3      | Found a white marble altar of Elyvilon.
  2231 | D:3      | Reached XP level 4. HP: 24/24 MP: 7/7
  2234 | D:3      | Became a worshipper of Elyvilon the Healer
  2386 | D:3      | Found a glowing drain.
  2397 | Sewer    | Entered a sewer
  2826 | Sewer    | Reached skill level 1 in Short Blades
  2858 | Sewer    | Reached * piety under Elyvilon
  2870 | Sewer    | Reached XP level 5. HP: 28/28 MP: 9/9
  3145 | Sewer    | Reached skill level 5 in Stealth
  3225 | Sewer    | Noticed a bullfrog
  3228 | Sewer    | Killed a bullfrog
  3229 | Sewer    | Reached XP level 6. HP: 32/33 MP: 10/11
  3380 | D:3      | Learned a level 2 spell: Passwall
  3384 | D:3      | Learned a level 3 spell: Stone Arrow
  3646 | D:3      | Found a runed translucent gate.
  3646 | D:3      | Found a runed translucent gate.
  3647 | D:3      | Found a runed translucent gate.
  3648 | D:3      | Identified the +9 spear of the Ageless Allies {vorpal,
                  | Int+4}
  3648 | D:3      | Identified the +2 chain mail of Ecytaa {Regen+}
  3876 | D:3      | Found a stormy altar of Qazlal.
  4034 | D:3      | Noticed funnyparkerb's ghost (amateur VSFi)
  4335 | D:4      | Found a glowing silver altar of Zin.
  4340 | D:4      | Reached skill level 1 in Invocations
  4406 | D:4      | Found a sacrificial altar of Ru.
  4557 | D:4      | Noticed a black bear
  4561 | D:4      | Killed a black bear
  4562 | D:4      | Reached XP level 7. HP: 37/37 MP: 13/13
  4595 | D:4      | Found a shadowy altar of Dithmenos.
  4595 | D:4      | Found a broken altar of Ashenzari.
  4724 | D:4      | Found a shimmering blue altar of Sif Muna.
  4781 | D:4      | Reached ** piety under Elyvilon
  4870 | D:5      | Entered Level 5 of the Dungeon
  4913 | D:5      | Reached skill level 1 in Conjurations
  4972 | D:5      | Found a bloodstained altar of Trog.
  5112 | D:5      | Reached skill level 5 in Spellcasting
  5112 | D:5      | Reached skill level 5 in Earth Magic
  5112 | D:5      | Reached XP level 8. HP: 27/42 MP: 10/15
  5316 | D:5      | Found Iriydyli's Distillery.
  5319 | D:5      | Bought a potion of heal wounds for 60 gold pieces
  5319 | D:5      | Bought a potion of heal wounds for 60 gold pieces
  5454 | D:5      | Reached skill level 6 in Stealth
  6091 | D:5      | HP: 2/42 [orc warrior/+0 battleaxe (20)]
  6306 | D:5      | Elyvilon protects you from harm!
  6308 | D:5      | Slain by an orc warrior

Illustrated notes

Levels and vault maps discovered:
D:1:      dpeg_arrival_water_temple_mockup, layout_basic,
          ebering_ecumenical_altar_box, serial_glass, glass_columns_a,
          glass_columns_a, minmay_domino_4
D:2:      layout_loops_corners, chequers_arboretum, minmay_tree_intersection
D:3:      layout_loops_ring, lemuel_crystal_altar, lemuel_doored_altar,
          cheibrodos_sewer_entry_drain, serial_forest,
          infiniplex_forest_lined_1, infiniplex_forest_straight_4,
          infiniplex_forest_straight_4, infiniplex_forest_clump_tiny,
          infiniplex_forest_clump_long, infiniplex_forest_lined_2,
          infiniplex_forest_straight_3, infiniplex_forest_straight_3,
          biasface_ghost_orc_armoury, skrybe_limestone_x
D:4:      layout_basic, gammafunk_temple_overflow_elements,
          mainiacjoe_overflow_large_starburst, nicolae_ru_the_path_less_chosen,
          minmay_misc_feat_alley
D:5:      layout_loops_ring, bloody_trog, serial_shops, kennysheep_mini_moat
D:6:      kennysheep_slugbush, layout_basic, nicolae_overflow_hidden_temple,
          minmay_temple_entry_statues_pillars, serial_undead, serial_undead_f,
          serial_undead_a, serial_undead_d, serial_undead_f

Skill      XL: |  1  2  3  4  5  6  7  8 |
---------------+-------------------------+-----
Stealth        | 3 4 5 6 |  6.0
Short Blades   | 1 |  1.7
Spellcasting   | 3 4 5 |  5.4
Dodging        | 3 |  3.6
Earth Magic    | 4 5 |  5.3
Invocations    | 1 2 |  2.9
Conjurations   | 1 2 |  2.0
Fighting       | |  0.8
Armour         | |  0.7
Transmutations | |  1.0

Action                   |  1- 3 |  4- 6 |  7- 9 || total
-------------------------+-------+-------+-------++-------
Melee: Dagger            |    16 |    25 |     6 ||    47
 Cast: Sandblast         |    24 |   102 |    64 ||   190
       Stone Arrow       |       |       |     3 ||     3
  Use: Scroll            |     5 |     3 |     5 ||    13
       Potion            |       |     1 |     3 ||     4
 Stab: Sleeping          |    15 |    22 |     6 ||    43
Armor: Robe              |     3 |    15 |       ||    18
       Leather armour    |       |     4 |     8 ||    12
Dodge: Dodged            |    12 |    87 |    47 ||   146
